 Dungeon Crawl Stone Soup version 0.26-a0-1181-gd376ed14c5 (webtiles) character file.

Game seed: 6260425964400732690

3689 Arthanis the Arsonist (level 9, -9/45 HPs)
             Began as a Deep Elf Fire Elementalist on Dec 26, 2020.
             Mangled by an orc knight
             ... wielding a +0 halberd
              (30 damage)
             ... in a bailey.
             The game lasted 00:17:36 (8159 turns).

Arthanis the Arsonist (Deep Elf Fire Elementalist)  Turns: 8159, Time: 00:17:37

Health: -9/45      AC:  7    Str:  9    XL:     9   Next: 90%
Magic:  9/33       EV: 15    Int: 24    God:
Gold:   253        SH:  5    Dex: 15    Spells: 14/27 levels left

rFire    . . .     SeeInvis .   q - +2 mace (holy)
rCold    + . .     Faith    .   (no shield)
rNeg     . . .     Spirit   .   l - +1 robe of Death Resistance {rPois Str+4 Stlth+}
rPois    +         Reflect  +   (no helmet)
rElec    .         Harm     .   (no cloak)
rCorr    .         Rampage  .   b - +1 pair of gloves
Will     .....                  n - +1 pair of boots
Stlth    +++.......             i - amulet of reflection
HPRegen  0.15/turn              y - ring of protection from cold
MPRegen  0.23/turn              E - ring of magical power

@: studying Dodging
A: no striking features
a: no special abilities


You were in a bailey.
You visited 2 branches of the dungeon, and saw 8 of its levels.
You also visited: Bailey.

You collected 335 gold pieces.
You spent 82 gold pieces at shops.

Inventory:

Hand Weapons
 q - a +2 mace of holy wrath (weapon)
 C - a +0 trident
Armour
 a - a +0 robe
 b - a +1 pair of gloves (worn)
 l - the +1 robe of Death Resistance (worn) {rPois Str+4 Stlth+}
   (You found it on level 4 of the Dungeon)

   It affects your strength (+4).
   It protects you from poison.
   It makes you more stealthy.
 n - a +1 pair of boots (worn)
Jewellery
 i - an amulet of reflection (around neck)
 r - an uncursed amulet of faith
 y - a ring of protection from cold (left hand)
 E - a ring of magical power (right hand)
Wands
 c - a wand of flame (20)
 x - a wand of digging (1)
Scrolls
 d - 4 scrolls of magic mapping
 e - 2 scrolls of blinking
 g - 2 scrolls of enchant armour
 k - 6 scrolls of enchant weapon
 p - a scroll of teleportation
 v - 2 scrolls of amnesia
 A - a scroll of fear
 B - 2 scrolls of immolation
 D - a scroll of fog
Potions
 f - a potion of degeneration {unknown}
 j - 3 potions of curing
 o - 3 potions of flight {unknown}
 s - 2 potions of attraction {unknown}
 t - a potion of ambrosia {unknown}
 u - a potion of lignification {unknown}
 w - a potion of resistance {unknown}
 z - a potion of brilliance {unknown}
 F - 3 potions of haste {unknown}
 G - a potion of heal wounds {unknown}
 H - a potion of berserk rage {unknown}
Books
 m - a manual of Dodging
Miscellaneous
 h - a tin of tremorstones (2/2)


   Skills:
 - Level 5.2 Dodging
 - Level 2.4 Stealth
 + Level 9.6 Spellcasting
 + Level 7.6 Conjurations
 * Level 11.2 Fire Magic


You had 14 spell levels left.
You knew the following spells:

 Your Spells              Type           Power        Failure   Level
a - Foxfire               Conj/Fire      100%         1%          1
b - Conjure Flame         Conj/Fire      54%          1%          3
c - Sticky Flame          Conj/Fire      54%          1%          4
d - Fireball              Conj/Fire      27%          3%          5

Your spell library contained the following spells:

 Spells                   Type           Power        Failure   Level
 Inner Flame              Hex/Fire       38%          1%          3
 Confusing Touch          Hex            11%          17%         3
 Gell's Gravitas          Tloc           5%           17%         3
 Petrify                  Tmut/Erth      11%          50%         4
 Metabolic Englaciation   Hex/Ice        5%           83%         5
 Yara's Violent Unravell  Hex/Tmut       5%           83%         5


Dungeon Overview and Level Annotations

Branches:
Dungeon (7/15)             Temple (1/1) D:4          Bailey (1/1)

Altars:
Ashenzari
Cheibriados
Dithmenos
Elyvilon
Fedhas
Gozag
Hepliaklqana
Kikubaaqudgha
Makhleb
Okawaru
Qazlal
Sif Muna
Uskayaw
Wu Jian
Xom
Yredelemnul
Zin
The Shining One
Lugonu

Shops:
D:6 ::((*   D:7 [

Annotations:
D:5 3 runed translucent doors, Marmelada02's ghost, novice NaWn; SamuraiZach's ghost, novice DrFi; Vidiiot's ghost, amateur TrDe; gruber's ghost, novice DsIE; loralnil's ghost, novice GnTm
D:6 2 transporters, qborf's ghost, novice MfGl


Message History

a +0 halberd; a +0 trident; a +0 hand axe
Casting: Sticky Flame (dangerous; 1% risk of failure)
Confirm with . or Enter, or press ? or * to list all spells.
The spell is quite dangerous to cast (3% risk of failure)!
Continue anyway?
Okay, then.
There are monsters nearby!
Unknown command.
Things that are here:
a +0 halberd; a +0 halberd
Casting: Fireball (quite dangerous; 3% risk of failure)
Confirm with . or Enter, or press ? or * to list all spells.
The spell is quite dangerous to cast (3% risk of failure)!
Continue anyway?
Aiming: Fireball (quite dangerous; 3% risk of failure)
Press: ? - help, Shift-Dir - straight line, f/p - orc knight
Aim: an orc knight, wielding a +0 halberd and wearing a +0 plate armour (heavily wounded, strong)
The fireball explodes!
The fireball engulfs the orc knight.
The orc knight is severely wounded.
The orc knight hits you from afar with a +0 halberd!!
Ouch! That really hurt!
You die...

#######
##..∩..##
#.......#
#∩.....∩#
#..)))..#
#..)....#
#..)@...#
#...))..#
#...o)).#
#.......#
#...)...#
#...)...#
##..)).##
###§###
#÷o)#


You could see an orc knight (strong).

Vanquished Creatures
  An orc knight (Bailey)
  Prince Ribbit (D:6)
  A shadow (D:7)
  Eustachio (D:4)
  Edmund (D:5)
  Duvessa (D:6)
  2 ice beasts (D:5)
  4 orc warriors
  A black bear (D:6)
  A necrophage (D:7)
  2 sky beasts
  An ogre (D:7)
  A phantom (D:4)
  6 centaurs
  2 big kobolds
  Dowan (D:6)
  3 howler monkeys
  A hound (D:6)
  An orc priest (D:7)
  Ijyb (D:3)
  2 bullfrog skeletons
  2 iguanas
  6 orc wizards
  3 worker ants
  A hound zombie (D:6)
  A hound skeleton (D:5)
  6 adders
  2 shadow imps
  A white imp (D:7)
  An ooze (D:3)
  An adder skeleton (D:6)
  An adder zombie (D:6)
  2 worms (D:2)
  2 dart slugs
  6 leopard geckos
  45 orcs
  2 ball pythons
  5 bats
  4 giant cockroaches
  9 goblins
  7 hobgoblins
  6 jackals
  17 kobolds
  4 quokkas
  A ball python skeleton (D:4)
  7 frilled lizards
  A leopard gecko skeleton (D:5)
  2 quokka zombies (D:5)
  A rat (D:3)
181 creatures vanquished.

Vanquished Creatures (collateral kills)
  5 foxfires (D:1)
5 creatures vanquished.

Vanquished Creatures (others)
  951 foxfires
951 creatures vanquished.

Grand Total: 1137 creatures vanquished

Notes
Turn   | Place    | Note
-------+----------+-------------------------------------------
     0 | D:1      | Arthanis the Deep Elf Fire Elementalist began the quest for
                  | the Orb.
     0 | D:1      | Reached XP level 1. HP: 10/10 MP: 6/6
   286 | D:1      | Reached XP level 2. HP: 3/15 MP: 0/8
   719 | D:1      | You fall into a shaft and drop 1 floor!
  1142 | D:2      | Reached skill level 4 in Fire Magic
  1207 | D:2      | Reached XP level 3. HP: 19/19 MP: 3/10
  1472 | D:2      | Found a faded altar of an unknown god.
  1788 | D:3      | Found a snail-covered altar of Cheibriados.
  1830 | D:3      | Found a shadowy altar of Dithmenos.
  1884 | D:3      | Found a basalt altar of Yredelemnul.
  1983 | D:3      | Found a hide-covered altar of Uskayaw.
  2125 | D:3      | Found an ancient bone altar of Kikubaaqudgha.
  2253 | D:2      | Found a burning altar of Makhleb.
  2253 | D:2      | Found a shimmering altar of Xom.
  2451 | D:3      | Reached XP level 4. HP: 24/24 MP: 6/11
  2522 | D:3      | Learned a level 3 spell: Conjure Flame
  2527 | D:3      | Learned a level 4 spell: Sticky Flame
  2838 | D:3      | Noticed Ijyb
  2846 | D:3      | Killed Ijyb
  2847 | D:3      | Reached skill level 5 in Fire Magic
  3421 | D:4      | Reached XP level 5. HP: 28/28 MP: 9/13
  3427 | D:4      | Got a slimy robe
  3428 | D:4      | Found a staircase to the Ecumenical Temple.
  3437 | Temple   | Entered the Ecumenical Temple
  3448 | Temple   | Identified the +1 robe of Death Resistance {rPois Str+4
                  | Stlth+} (You found it on level 4 of the Dungeon)
  3517 | D:4      | Noticed a centaur
  3602 | D:4      | Noticed Eustachio
  3635 | D:4      | Killed Eustachio
  3636 | D:4      | Reached skill level 5 in Spellcasting
  3636 | D:4      | Reached XP level 6. HP: 24/32 MP: 2/15
  3666 | D:4      | Learned a level 5 spell: Fireball
  4064 | D:4      | Reached skill level 6 in Fire Magic
  4556 | D:5      | Entered Level 5 of the Dungeon
  4556 | D:5      | Found a runed translucent gate.
  4556 | D:5      | Found a runed translucent gate.
  4556 | D:5      | Found a runed translucent gate.
  4556 | D:5      | Noticed Vidiiot's ghost (amateur TrDe)
  4556 | D:5      | Noticed a sky beast
  4562 | D:5      | Noticed SamuraiZach's ghost (novice DrFi)
  4569 | D:5      | Noticed Marmelada02's ghost (novice NaWn)
  4570 | D:5      | Noticed loralnil's ghost (novice GnTm)
  4573 | D:5      | Killed a sky beast
  4574 | D:5      | Reached XP level 7. HP: 25/36 MP: 6/17
  4574 | D:5      | Noticed gruber's ghost (novice DsIE)
  4794 | D:5      | Reached skill level 7 in Fire Magic
  4835 | D:5      | Noticed Edmund
  4847 | D:5      | Killed Edmund
  5180 | D:5      | Reached skill level 5 in Dodging
  5304 | D:5      | Reached XP level 8. HP: 41/41 MP: 13/19
  5422 | D:5      | Found an opulent altar of Gozag.
  5454 | D:5      | Found a glowing silver altar of Zin.
  5956 | D:6      | Reached skill level 5 in Conjurations
  5956 | D:6      | Reached skill level 8 in Fire Magic
  6085 | D:6      | Found a transporter.
  6085 | D:6      | Noticed qborf's ghost (novice MfGl)
  6087 | D:6      | Found a transporter.
  6148 | D:6      | Found Nypnull's Book Shoppe.
  6203 | D:6      | Found Mucinafu's Book Emporium.
  6216 | D:6      | Noticed Duvessa
  6221 | D:6      | Noticed Prince Ribbit
  6221 | D:6      | Noticed Dowan
  6222 | D:6      | Killed Duvessa
  6226 | D:6      | Killed Prince Ribbit
  6229 | D:6      | Killed Dowan
  6230 | D:6      | Reached skill level 9 in Fire Magic
  6328 | D:6      | Found Hosomm's Antique Weapon Shop.
  6376 | D:6      | Found a broken altar of Ashenzari.
  6461 | D:6      | Found Ygimnibuna's General Store.
  6555 | D:6      | Bought a scroll of identify for 30 gold pieces
  6555 | D:6      | Bought a scroll of immolation for 52 gold pieces
  6895 | D:6      | Found Eskebos's Weapon Shoppe.
  6962 | D:6      | Reached XP level 9. HP: 45/45 MP: 15/23
  7038 | D:6      | Found a glowing golden altar of the Shining One.
  7338 | D:7      | Reached skill level 10 in Fire Magic
  7456 | D:7      | Found a snail-covered altar of Cheibriados.
  7459 | D:7      | Found Cheibriados's Comfort Zone.
  7461 | D:7      | Found the +4 moon troll leather armour {Spirit, Regen++
                  | MP+5}
  7515 | D:7      | Found a glowing silver altar of Zin.
  7565 | D:7      | Found a flagged portal.
  7637 | Bailey   | Entered a bailey
  7938 | Bailey   | Noticed an orc knight
  8049 | Bailey   | Noticed an orc knight
  8078 | Bailey   | Killed an orc knight
  8079 | Bailey   | Reached skill level 11 in Fire Magic
  8112 | Bailey   | Noticed an orc knight
  8159 | Bailey   | Mangled by an orc knight

Illustrated notes

Levels and vault maps discovered:
D:1:      wander_arrival_desolate, layout_basic, serial_forest,
          infiniplex_forest_clump_tiny, infiniplex_forest_end_2,
          infiniplex_forest_clump_C, infiniplex_forest_clump_curved,
          infiniplex_forest_end_3, infiniplex_forest_end_1,
          infiniplex_forest_straight_3, infiniplex_forest_straight_2
D:2:      layout_rooms, nicolae_overflow_hidden_temple,
          chequers_ecumenical_altar_lobes
D:3:      kennysheep_goblin_castle, layout_loops_corners, cheibriados_altar_1,
          nicolae_dithmenos_shadow_blocks, eat_drink_and_be_merry_uskayaw,
          lemuel_round_altar, nicolae_overflow_crystal_walls, minmay_between
D:4:      layout_loops_cross, minmay_temple_entry_wispy, minmay_manual_mares,
          uniq_eustachio
D:5:      cheibrodos_thug_alley, layout_cave_pools,
          pdpol_temple_overflow_zin_treasury_gozag_greed,
          gammafunk_ghost_cemetery, uniq_edmund
D:6:      layout_cave_pods, evilmike_ruin_ashenzari, overflow_temple_1_default,
          serial_shops, shop_fountains, shop, nicolae_shop_crystal,
          nicolae_shop_behind_doors, shop, gammafunk_ghost_mausoleum,
          uniq_prince_ribbit1, uniq_duvessa
D:7:      layout_gridville, enter_bailey_2, minmay_shop_chei,
          chequers_serial_rivers_large_a, hangedman_feature_mirror, minivault_25
Temple:   corrupted_temple
Bailey:   bailey_polearm_5, bailey

Skill      XL: |  1  2  3  4  5  6  7  8  9 |
---------------+----------------------------+-----
Fire Magic     | 4 5 6 7 9 11 | 11.2
Conjurations   | 2 3 4 6 7 |  7.6
Spellcasting   | 4 5 6 8 9 |  9.6
Dodging        | 3 5 |  5.2
Stealth        | |  2.4

Action                   |  1- 3 |  4- 6 |  7- 9 || total
-------------------------+-------+-------+-------++-------
Melee: Unarmed           |     2 |       |       ||     2
       Mace              |       |     5 |     1 ||     6
 Cast: Foxfire           |   100 |   106 |   359 ||   565
       Sticky Flame      |       |     2 |    10 ||    12
       Fireball          |       |       |     2 ||     2
       Conjure Flame     |       |       |     2 ||     2
  Use: Scroll            |     5 |     7 |     3 ||    15
Armor: Robe              |     6 |     9 |     5 ||    20
Dodge: Dodged            |    19 |    27 |    37 ||    83
Block: Other             |       |    11 |    11 ||    22
       Reflection        |       |     3 |     3 ||     6

Table legend: (Time is in decaauts)
 A = Elapsed time spent in this place.
 B = Non-inter-level travel time spent in this place.
 C = Inter-level travel time spent in this place.
 D = Time resting spent in this place.
 E = Time spent auto-exploring this place.
 F = Levels seen in this place.
 G = Mean time per level.
                   A        B        C        D        E       F      G
               +--------+--------+--------+--------+--------+-----+--------+
         Total |   8162 |   8013 |    149 |    381 |   5983 |   9 |  906.9 |
       Dungeon |   7588 |   7439 |    149 |    178 |   5956 |   7 | 1084.0 |
        Temple |     52 |     52 |      0 |      0 |     27 |   1 |   52.0 |
        Bailey |    521 |    521 |      0 |    203 |      0 |   1 |  521.0 |
               +--------+--------+--------+--------+--------+-----+--------+

Top non-repeatable levels by time:
     D:3: 1619 daAuts
     D:6: 1312 daAuts
     D:5: 1306 daAuts
     D:4: 1156 daAuts
     D:1: 1076 daAuts
     D:2: 722 daAuts
  Bailey: 521 daAuts
     D:7: 395 daAuts
  Temple: 52 daAuts
